 Dungeon Crawl Stone Soup version 0.30.1-4-g462c640d31 (webtiles) character file.

Game seed: 11578737951818042931

208013 Amplified the Warrior (level 18, -3/155 HPs)
             Began as a Demonspawn Warper on Aug 26, 2023.
             Was an Initiate of Gozag.
             Slain by a naga warrior
             ... wielding a +3 broad axe
              (22 damage)
             ... on level 1 of the Snake Pit.
             The game lasted 01:17:35 (35227 turns).

Amplified the Warrior (Demonspawn Warper)          Turns: 35227, Time: 01:17:36

Health: -3/155     AC: 39    Str: 24    XL:     18   Next: 11%
Magic:  31/34      EV: 10    Int: 15    God:    Gozag
Gold:   1952       SH:  0    Dex: 13    Spells: 35/41 levels left

rFire   + . .        d - +7 eveningstar (elec)
rCold   + + .        (no shield)
rNeg    + + +        f - +10 plate armour of Noon {-Tele rC+ Will+ Regen+ Int+2}
rPois   .            (helmet unavailable)
rElec   .            a - +2 cloak {Will+}
rCorr   +            V - +2 pair of gloves {hurl}
SInv    .            L - +3 pair of mountain boots {steadfast, rC+}
Will    +++..        r - amulet of the acrobat Stlth
                     K - ring "Issubig" {rN+++ rCorr Str+6 Int-3}
HPRegen 2.25/turn    i - +5 ring of evasion
MPRegen 0.24/turn

%: no teleportation, acrobat, clarity
@: lethally poisoned (-3 -> -3), gold aura, constricted
A: horns 3, icy blue scales 2, demonic guardian 3, powered by death 3, talons 1,
clarity, fire resistance 1, subdued magic 1, noise suppression
}: 1/15 runes: decaying
a: Renounce Religion, Potion Petition, Call Merchant, Bribe Branch


You were on level 1 of the Snake Pit.
You worshipped Gozag.
Gozag was most pleased with you.
You visited 7 branches of the dungeon, and saw 31 of its levels.
You also visited: Sewer, Bailey, Ice Cave and Volcano.

You collected 13060 gold pieces.
You spent 6901 gold pieces at shops.
You paid 4207 gold pieces to Gozag.

Inventory:

Hand Weapons
 d - a +7 eveningstar of electrocution (weapon)
Missiles
 s - 9 curare-tipped darts (quivered)
 S - 2 throwing nets
Armour
 a - a +2 cloak of willpower (worn)
 e - the +2 hat "Gogat" {Str+5 Int+2 Dex+2 SInv}
   (You acquired it on level 14 of the Dungeon)

   Str:       It affects your strength (+5).
   Int:       It affects your intelligence (+2).
   Dex:       It affects your dexterity (+2).
   SInv:      It lets you see invisible.
 f - the +10 plate armour of Noon (worn) {-Tele rC+ Will+ Regen+ Int+2}
   (You bought it in a shop on level 2 of the Lair of Beasts)

   Int:       It affects your intelligence (+2).
   rC:        It protects you from cold.
   -Tele:     It prevents most forms of teleportation.
   Regen:     It increases your rate of health regeneration.
   Will:      It increases your willpower.
 L - the +3 pair of mountain boots (worn) {steadfast, rC+}
   (You bought it in a shop on level 2 of the Lair of Beasts)

   Steadfast: It prevents involuntary movement, except for blinking,
   teleportation, or banishment.
   rC:        It protects you from cold.
 V - a +2 pair of gloves of hurling (worn)
Jewellery
 c - a ring of poison resistance
 i - a +5 ring of evasion (right hand)
 m - an amulet of guardian spirit
 p - a +6 ring of strength
 r - an amulet of the acrobat (around neck)
 B - a ring of protection from fire
 F - a ring of see invisible
 K - the ring "Issubig" (left hand) {rN+++ rCorr Str+6 Int-3}
   (You found it in an ice cave)

   [ring of strength]

   Str:       It affects your strength (+6).
   Int:       It affects your intelligence (-3).
   rN:        It renders you almost immune to negative energy.
   rCorr:     It protects you from acid and corrosion.
 X - a ring of positive energy
 Z - a ring of protection from cold
Wands
 h - a wand of mindburst (18)
 k - a wand of flame (69)
 u - a wand of digging (3)
 y - a wand of light (5)
 G - a wand of polymorph (3)
Scrolls
 b - 14 scrolls of teleportation
 n - 6 scrolls of butterflies
 q - 4 scrolls of fog
 t - 5 scrolls of amnesia
 H - 14 scrolls of identify
 M - a scroll of magic mapping
 P - 4 scrolls of blinking
 Q - 5 scrolls of immolation
Potions
 g - 2 potions of invisibility
 l - 2 potions of resistance
 o - 9 potions of ambrosia
 w - 3 potions of magic
 x - 5 potions of heal wounds
 z - a potion of might
 A - 11 potions of mutation
 D - 4 potions of haste
 I - 7 potions of curing
 O - 2 potions of cancellation
 T - 4 potions of attraction
 U - 3 potions of flight
 W - 2 potions of brilliance
Miscellaneous
 j - a condenser vane (inert)
 v - a phantom mirror


   Skills:
 * Level 17.6 Fighting
 - Level 9.8 Long Blades
 - Level 16.1 Maces & Flails
 - Level 0.8 Throwing
 * Level 11.6 Armour
 - Level 1.7 Dodging
 * Level 12.2 Spellcasting
 - Level 10.6 Translocations


You had 35 spell levels left.
You knew the following spells:

 Your Spells              Type           Power      Damage    Failure   Level
a - Blink                 Tloc           62%        N/A       1%          2
b - Manifold Assault      Tloc           31%        N/A       8%          4

Your spell library contained the following spells:

 Spells                   Type           Power      Damage    Failure   Level
 Apportation              Tloc           62%        N/A       1%          1
 Lesser Beckoning         Tloc           62%        N/A       1%          2
 Gell's Gravitas          Tloc           31%        N/A       2%          3
 Teleport Other           Tloc           31%        N/A       2%          3
 Momentum Strike          Conj/Tloc      38%        3d9       11%         2
 Vhi's Electric Charge    Tloc/Air       38%        N/A       22%         3
 Volatile Blastmotes      Fire/Tloc      38%        2d13      22%         3
 Sting                    Tmut/Pois      28%        1d4       56%         1
 Iskenderun's Mystic Bla  Conj/Tloc      19%        2d6       61%         4
 Ensorcelled Hibernation  Hex/Ice        14%        N/A       71%         2
 Poisonous Vapours        Pois/Air       14%        N/A       71%         2
 Dispersal                Tloc           15%        N/A       80%         6
 Confusing Touch          Hex            7%         N/A       91%         3
 Hailstorm                Conj/Ice       7%         3d4       91%         3
 Ignite Poison            Fire/Tmut/Pois 7%         N/A       91%         3
 Ozocubu's Armour         Ice            7%         N/A       91%         3
 Spider Form              Tmut/Pois      7%         N/A       91%         3
 Summon Forest            Summ/Tloc      9%         N/A       92%         5
 Anguish                  Hex/Necr       3%         N/A       100%        4
 Fulminant Prism          Conj/Hex       3%         3d5       100%        4
 Ice Form                 Ice/Tmut       7%         N/A       100%        4
 Leda's Liquefaction      Hex/Erth       3%         N/A       100%        4
 Olgreb's Toxic Radiance  Pois           7%         N/A       100%        4
 Sticky Flame             Conj/Fire      7%         2d3       100%        4
 Summon Ice Beast         Ice/Summ       7%         N/A       100%        4
 Summon Lightning Spire   Summ/Air       7%         N/A       100%        4
 Alistair's Intoxication  Tmut/Pois      4%         N/A       100%        5
 Arcjolt                  Conj/Air       3%         1d13      100%        5
 Borgnjor's Vile Clutch   Necr/Erth      3%         N/A       100%        5
 Lee's Rapid Deconstruct  Erth           3%         3d5*      100%        5
 Metabolic Englaciation   Hex/Ice        3%         N/A       100%        5
 Silence                  Hex/Air        3%         N/A       100%        5
 Summon Mana Viper        Hex/Summ       7%         N/A       100%        5
 Death Channel            Necr           3%         N/A       100%        6
 Eringya's Noxious Bog    Tmut/Pois      3%         N/A       100%        6
 Statue Form              Tmut/Erth      4%         N/A       100%        6
 Summon Cactus Giant      Summ           3%         N/A       100%        6
 Haunt                    Necr/Summ      3%         N/A       100%        7
 Monstrous Menagerie      Summ           3%         N/A       100%        7
 Ozocubu's Refrigeration  Ice            3%         4d8       100%        7
 Summon Hydra             Summ           3%         N/A       100%        7
 Discord                  Hex            3%         N/A       100%        8
 Ignition                 Fire           3%         3d4       100%        8
 Polar Vortex             Ice            3%         N/A       100%        9
 Animate Dead             Necr           Unusable   N/A       N/A         4
 Simulacrum               Ice/Necr       Unusable   N/A       N/A         6

Dungeon Overview and Level Annotations

Branches:
Dungeon (15/15)            Temple (0/1) D:7            Lair (5/5) D:9
  Swamp (4/4) Lair:3        Snake (1/4) Lair:2        Slime (0/5) Lair:5
    Orc (2/2) D:10            Elf (3/3) Orc:2        Vaults (0/5) D:13
 Depths (1/4) D:15          Sewer (visited)          Bailey (visited)
  IceCv (visited)         Volcano (visited)

Altars:
Ashenzari
Dithmenos
Gozag
Hepliaklqana
Kikubaaqudgha
Nemelex Xobeh
Qazlal
Ru
Trog
Wu Jian
Yredelemnul

Shops:
D:5 (   D:9 *   Orc:2 *:([   Elf:2 [   Elf:3 *   Lair:2 [

Portals:
Trove: D:13 (give +3 storm dragon scales)

Annotations:
Swamp:3 3 runed translucent doors, Sensen's ghost, adept GrEE
Elf:2 3 runed translucent doors


Innate Abilities, Weirdness & Mutations

You have a pair of large horns on your head.
You are mostly covered in icy blue scales. (AC +3)
A powerful demonic guardian rushes to your aid.
You regenerate a lot of health from kills.
You have sharp toenails.
You possess an exceptional clarity of mind.
Your flesh is heat resistant. (rF+)
Your spells are a little easier to cast, but a little less powerful.
You passively dampen the noise of your surroundings.


Message History

You puncture the naga warrior!
You kill the naga warrior!
You feel very sick.
The guardian serpent hits you but does no damage.
The naga warrior hits you with a +3 broad axe!!
The naga warrior grabs you. The naga warrior constricts you.
Unknown command.
You are too injured to fight recklessly!
Unknown command.
You are too injured to fight recklessly!
You are too injured to fight recklessly!
Unknown command.
You are too injured to fight recklessly!
You bludgeon the guardian serpent!!
You kill the guardian serpent!
You feel very sick.
The naga warrior hits you but does no damage.
The naga warrior constricts you.
Unknown command.
You barely miss the naga warrior. Your headbutt misses the naga warrior.
You feel very sick. The naga warrior spits poison at you.
The splash of poison misses you. The naga warrior constricts you.
Unknown command.
You hit the naga warrior. Your headbutt misses the naga warrior.
The naga warrior is lightly wounded.
You feel sick.
You completely miss the naga warrior. You headbutt the naga warrior!
The naga warrior is moderately wounded.
You feel sick.
The naga warrior hits you with a +3 broad axe!!!
* * * LOW HITPOINT WARNING * * *
A demonic guardian appears!
The naga warrior constricts you.
You hit the naga warrior but do no damage.
Your headbutt misses the naga warrior.
The naga warrior is moderately wounded.
You feel sick.
The naga warrior hits you with a +3 broad axe!!
You die...
Your body crumbles into a pile of gold.

#...##
##...#
######
##....
.....# ##.##
#.....
.##..# #.#
#.....
#####.# #.#
##...# # #.#
#.# ##### #
#.# #.## #.#
#..## ..
#...########
##..@$.....#
##N$2......
####......
###... .. .


You could see a naga warrior (strong, ally target) and a friendly balrug
(summoned).

Vanquished Creatures
  Rupert (D:12)
  Jorgrun (Elf:1)
  An azure jelly (Swamp:4)
  2 fenstrider witches
  Aizul (Snake:1)
  A deep elf elementalist (Elf:3)
  An orc warlord (Orc:2)
  2 ghouls (Swamp:4)
  2 reapers (IceCv)
  4 eleionomae
  2 deep elf demonologists
  3 bunyips
  A deep elf annihilator (Elf:3)
  A deep elf death mage (Elf:2)
  5 deep elf high priests
  A shambling mangrove (Swamp:4)
  A rakshasa (D:15)
  3 ice dragons (Swamp:4)
  4 vault guards (D:13)
  2 great orbs of eyes
  2 ogre magi (D:13)
  An anaconda (shapeshifter) (D:15)
  4 hydras
  2 ghost crabs
  12 dancing weapons
  5 centaur warriors
  6 two-headed ogres
  2 naga warriors (Snake:1)
  A tengu warrior (D:15)
  5 boulder beetles
  7 alligators
  5 orc high priests
  2 deep troll earth magi
  Urug (D:11)
  13 deep elf knights
  A fire crab (shapeshifter) (Elf:1)
  A skyshark (Lair:5)
  8 goliath frogs
  5 spriggan druids
  A death drake (Swamp:2)
  7 deep elf archers
  3 swamp dragons
  3 spriggan simulacra (IceCv)
  A flayed ghost (D:12)
  2 deep trolls (Elf:1)
  5 bog bodies
  An obsidian statue (IceCv)
  24 deep elf pyromancers
  15 deep elf zephyrmancers
  5 orc knights
  2 wolf spiders
  2 manticores (D:12)
  16 ugly things
  7 orc sorcerers
  2 salamanders
  5 will-o-the-wisps
  20 elephants
  6 cyclopes
  4 oklob plants (Lair:4)
  2 naga magi (Snake:1)
  2 water nymphs (Swamp:3)
  A water nymph (shapeshifter) (D:12)
  2 guardian serpents
  Maurice (D:9)
  2 ice statues (D:14)
  12 black mambas
  14 cane toads
  2 unseen horrors (D:12)
  An efreet (D:15)
  13 freezing wraiths
  4 rime drakes
  3 gargoyles
  7 komodo dragons
  2 komodo dragons (shapeshifter)
  2 yaktaurs (D:13)
  4 ice devils (IceCv)
  2 tengu conjurers
  A queen bee (D:15)
  3 polar bears
  7 trolls
  15 hornets
  6 meliai
  18 blink frogs
  6 tyrant leeches
  A spriggan (shapeshifter) (D:15)
  8 slime creatures
  An air elemental (Elf:2)
  A wraith (D:12)
  14 spriggans
  Eustachio (D:5)
  Sigmund (D:2)
  A dire elephant simulacrum (IceCv)
  79 yaks
  12 wyverns
  A vampire (D:11)
  A human (D:13)
  A water elemental (D:14)
  2 fire elementals
  2 basilisks
  2 fire bats (Volcano)
  2 steam dragons
  2 minotaur simulacra (IceCv)
  4 swamp worm simulacra (Swamp:4)
  5 wargs
  17 vampire mosquitoes
  3 redbacks (Lair:5)
  11 swamp worms
  4 nagas (Snake:1)
  2 acid dragons
  4 harpy simulacra (IceCv)
  15 hydra simulacra (Swamp:4)
  23 water moccasins
  35 orc warriors
  3 swamp drakes (Swamp:3)
  A floating eye (Lair:4)
  4 hell hounds
  A sky beast (D:7)
  An alligator simulacrum (IceCv)
  3 ogres
  5 black bears
  5 centaurs
  A phantom (D:5)
  6 kobold brigands
  15 bullfrogs
  An earth elemental (Elf:1)
  A deep troll simulacrum (IceCv)
  A necrophage (Swamp:4)
  3 scorpions
  3 wights (D:9)
  22 killer bees
  4 electric eels
  A howler monkey (D:9)
  4 lava snakes (Lair:2)
  Crazy Yiuf (D:2)
  3 hounds (D:5)
  3 jellies
  25 orc priests
  2 gnoll boudas (D:7)
  3 iguanas
  Jessica (D:2)
  A sleepcap (D:6)
  31 orc wizards
  Ijyb (D:3)
  15 gnolls
  13 adders
  2 river rats (Sewer)
  A shadow imp (D:8)
  A white imp (D:5)
  An ufetubus (D:5)
  4 swamp drake simulacra (Swamp:4)
  4 worms
  141 orcs
  6 bats
  7 endoplasms
  8 giant cockroaches
  12 hobgoblins
  12 jackals
  5 quokkas
  8 ball pythons
  8 frilled lizards
  12 goblins
  28 kobolds
  7 rats
1091 creatures vanquished.

Vanquished Creatures (collateral kills)
  A fenstrider witch (Swamp:3)
  An eleionoma (Swamp:3)
  A boulder beetle (D:12)
  An alligator (Swamp:3)
  A goliath frog (Swamp:3)
  A deep troll (Elf:1)
  A deep elf archer (Elf:3)
  2 spriggan simulacra (IceCv)
  2 deep elf zephyrmancers (Elf:2)
  An elephant (Lair:3)
  A cane toad (Lair:5)
  An ice devil (IceCv)
  A bloated husk (Swamp:3)
  A hornet (Swamp:2)
  2 spriggans (Swamp:2)
  4 yaks
  6 swamp worms
  4 orc warriors
  Blork the orc (D:5)
  A necrophage (Swamp:4)
  A killer bee (D:15)
  A howler monkey (D:9)
  An orc priest (D:9)
  An orc wizard (Orc:2)
  4 orcs
42 creatures vanquished.

Vanquished Creatures (others)
  2 alligators (Swamp:4)
  A deep elf knight (Elf:3)
  A bog body (IceCv)
  A vampire mosquito (Swamp:3)
  2 centaurs (Volcano)
  An orc (D:10)
  34 foxfires
42 creatures vanquished.

Grand Total: 1175 creatures vanquished

Notes
Turn   | Place    | Note
-------+----------+-------------------------------------------
     0 | D:1      | Amplified the Demonspawn Warper began the quest for the
                  | Orb.
     0 | D:1      | Reached XP level 1. HP: 16/16 MP: 3/3
   192 | D:1      | Gained mutation: You are partially covered in icy blue
                  | scales. (AC +2) [demonic ancestry]
   192 | D:1      | Reached XP level 2. HP: 14/22 MP: 5/5
   395 | D:1      | Learned a level 2 spell: Blink
   600 | D:1      | Gained mutation: A weak demonic guardian rushes to your
                  | aid. [demonic ancestry]
   600 | D:1      | Reached XP level 3. HP: 28/28 MP: 6/6
   766 | D:2      | Noticed Jessica
   778 | D:2      | Killed Jessica
   779 | D:2      | Noticed Sigmund
   999 | D:2      | Reached XP level 4. HP: 34/34 MP: 7/7
  1241 | D:3      | Found a stormy altar of Qazlal.
  1543 | D:3      | Noticed Ijyb
  1550 | D:3      | Killed Ijyb
  1551 | D:3      | Reached skill level 3 in Fighting
  1803 | D:4      | Noticed a black bear
  1864 | D:4      | Reached XP level 5. HP: 41/41 MP: 9/9
  2010 | D:4      | Noticed a black bear
  2010 | D:4      | Noticed a black bear
  2023 | D:4      | Gained mutation: You passively dampen the noise of your
                  | surroundings. [potion of mutation]
  2023 | D:4      | Gained mutation: Your spells are a little easier to cast,
                  | but a little less powerful. [potion of mutation]
  2023 | D:4      | Gained mutation: You have hidden genetic potential. [potion
                  | of mutation]
  2023 | D:4      | Gained mutation: Your flesh is heat resistant. (rF+)
                  | [potion of mutation]
  2557 | D:2      | Found a faded altar of an unknown god.
  2599 | D:2      | Killed Sigmund
  2600 | D:2      | Reached skill level 1 in Long Blades
  2600 | D:2      | Reached XP level 6. HP: 43/47 MP: 9/11
  2602 | D:2      | Gained mutation: You possess an exceptional clarity of
                  | mind. [hidden potential]
  2702 | D:2      | Learned a level 4 spell: Manifold Assault
  2814 | D:2      | Found a runed translucent door.
  2815 | D:2      | Noticed Crazy Yiuf
  2916 | D:2      | Killed Crazy Yiuf
  3098 | D:4      | Reached skill level 4 in Fighting
  3098 | D:4      | Gained mutation: You regenerate a little health from kills.
                  | [demonic ancestry]
  3098 | D:4      | Reached XP level 7. HP: 23/54 MP: 12/12
  3272 | D:4      | Found a bloodstained altar of Trog.
  3306 | D:4      | Gained mutation: You have sharp toenails. [hidden
                  | potential]
  3306 | D:4      | Lost mutation: You have hidden genetic potential. [hidden
                  | potential expressed]
  3548 | D:4      | You fall into a shaft and drop 2 floors!
  3555 | D:5      | Entered Level 5 of the Dungeon
  3603 | D:5      | Noticed Eustachio
  3744 | D:5      | Found Hawi's Weapon Boutique.
  3917 | D:5      | Found a glowing drain.
  3929 | Sewer    | Entered a sewer
  3991 | Sewer    | Reached skill level 5 in Fighting
  3991 | Sewer    | Reached skill level 5 in Translocations
  3991 | Sewer    | Gained mutation: You regenerate health from kills. [demonic
                  | ancestry]
  3991 | Sewer    | Reached XP level 8. HP: 58/62 MP: 13/15
  4864 | D:5      | Reached skill level 5 in Spellcasting
  4979 | D:5      | Noticed Blork the orc
  4995 | D:5      | Killed Blork the orc
  5132 | D:5      | Identified the +1 war axe "Hydrabane" {venom, rC+ Str+2}
  5464 | D:6      | Found a sacrificial altar of Ru.
  5712 | D:6      | Found an opulent altar of Gozag.
  5720 | D:6      | Became a worshipper of Gozag Ym Sagoz the Greedy
  5741 | D:6      | Reached skill level 6 in Fighting
  5873 | D:6      | Found an ornate altar of the Wu Jian Council.
  6633 | D:4      | Found a basalt altar of Yredelemnul.
  6813 | D:5      | Killed Eustachio
  6814 | D:5      | Reached XP level 9. HP: 37/69 MP: 17/17
  6933 | D:8      | Found a shadowy altar of Dithmenos.
  6938 | D:7      | Found an ancient bone altar of Kikubaaqudgha.
  7007 | D:7      | Reached skill level 5 in Long Blades
  7495 | D:7      | Found a staircase to the Ecumenical Temple.
  7597 | D:8      | Noticed a two-headed ogre
  7824 | D:8      | Reached skill level 7 in Fighting
  7905 | D:8      | Killed a two-headed ogre
  8284 | D:9      | Reached XP level 10. HP: 79/79 MP: 20/20
  8441 | D:9      | Found a flagged portal.
  8513 | Bailey   | Entered a bailey
  8728 | Bailey   | Noticed an orc knight
  8745 | Bailey   | Killed an orc knight
  8912 | D:9      | Found a staircase to the Lair.
  8933 | D:9      | Reached skill level 8 in Fighting
  9183 | D:9      | Noticed a two-headed ogre
  9277 | D:9      | Found a hazy altar of Hepliaklqana.
  9539 | D:9      | Found Cixtyl's General Store.
  9577 | D:9      | Bought a potion of haste for 130 gold pieces
  9577 | D:9      | Bought a throwing net for 39 gold pieces
  9577 | D:9      | Bought 5 curare-tipped darts for 78 gold pieces
  9582 | D:9      | Noticed Maurice
  9596 | D:9      | Killed Maurice
  9809 | D:9      | Killed a two-headed ogre
  9810 | D:9      | Gained mutation: You have a pair of small horns on your
                  | head. [demonic ancestry]
  9810 | D:9      | Reached XP level 11. HP: 87/87 MP: 23/23
 10065 | D:10     | Entered Level 10 of the Dungeon
 10341 | D:10     | Reached skill level 9 in Fighting
 10390 | D:10     | Found a staircase to the Orcish Mines.
 11673 | D:10     | Found a sparkling altar of Nemelex Xobeh.
 11695 | D:10     | Identified the +3 chain mail of Polol {MP+9 Stlth+}
 11895 | D:11     | Noticed Urug
 11917 | D:11     | Killed Urug
 12062 | D:11     | Noticed a white ugly thing
 12362 | Orc:1    | Entered Level 1 of the Orcish Mines
 12402 | Orc:1    | Reached skill level 10 in Fighting
 12421 | Orc:1    | Noticed an orc sorcerer
 12426 | Orc:1    | Killed an orc sorcerer
 12552 | Orc:1    | Learned a level 3 spell: Vhi's Electric Charge
 12668 | Orc:1    | Noticed an orc knight
 12713 | Orc:1    | Killed an orc knight
 12881 | Orc:2    | Entered Level 2 of the Orcish Mines
 12954 | Orc:2    | Gained mutation: You are mostly covered in icy blue scales.
                  | (AC +3) [demonic ancestry]
 12954 | Orc:2    | Reached XP level 12. HP: 97/97 MP: 25/25
 13106 | Orc:2    | Found Idaagas's Book Boutique.
 13218 | Orc:2    | Found a staircase to the Elven Halls.
 13570 | Orc:2    | Found Pychyczel's General Store.
 13596 | Orc:2    | Bought a scroll of enchant armour for 112 gold pieces
 13744 | Orc:2    | Noticed an orc high priest
 13886 | Lair:1   | Entered Level 1 of the Lair of Beasts
 14034 | Lair:1   | Reached skill level 10 in Translocations
 14080 | Lair:1   | Reached skill level 10 in Spellcasting
 14132 | Lair:1   | Reached skill level 11 in Fighting
 14356 | Lair:1   | Found a dark tunnel.
 14363 | Volcano  | Entered a volcano
 14430 | Volcano  | Noticed a two-headed ogre
 14442 | Volcano  | Killed a two-headed ogre
 14495 | Volcano  | Noticed a two-headed ogre
 14509 | Volcano  | Killed a two-headed ogre
 14952 | Lair:1   | Identified the +1 leather armour of an ossuary {rCorr Dex+4
                  | Stlth+}
 15854 | Lair:2   | Bought a pair of runed gloves for 217 gold pieces
 15854 | Lair:2   | Bought the +3 pair of mountain boots {steadfast, rC+} for
                  | 971 gold pieces
 15854 | Lair:2   | Found the +3 pair of mountain boots {steadfast, rC+}
 15870 | Lair:2   | Bought a masterwork plate armour for 812 gold pieces
 15870 | Lair:2   | Identified the +10 plate armour of Noon {-Tele rC+ Will+
                  | Regen+ Int+2} (You bought it in a shop on level 2 of the
                  | Lair of Beasts)
 15870 | Lair:2   | Bought a sheer robe for 165 gold pieces
 15870 | Lair:2   | Identified the +2 robe "Poffigur" {-Tele Dex+3 SInv} (You
                  | bought it in a shop on level 2 of the Lair of Beasts)
 15893 | Lair:2   | Reached skill level 1 in Armour
 15926 | Lair:2   | Gained mutation: You regenerate a lot of health from kills.
                  | [demonic ancestry]
 15926 | Lair:2   | Reached XP level 13. HP: 68/106 MP: 27/27
 16201 | Lair:2   | Found a staircase to the Snake Pit.
 16931 | Lair:3   | Identified the +4 executioner's axe of Righteous Fury
                  | {spect, Int+2 Dex+4}
 17029 | Lair:3   | Reached skill level 12 in Fighting
 17130 | Lair:3   | Reached skill level 5 in Maces & Flails
 17199 | Lair:3   | Found a staircase to the Swamp.
 18189 | Lair:4   | Reached skill level 5 in Armour
 18396 | Lair:4   | Paralysed by a floating eye for 4 turns
 18611 | Lair:4   | Identified the +3 chain mail "Qibiol" {Drain rF+ Stlth+}
 19009 | Lair:5   | Entered Level 5 of the Lair of Beasts
 19534 | Lair:5   | Reached skill level 13 in Fighting
 19581 | Lair:5   | Reached XP level 14. HP: 63/118 MP: 20/28
 20244 | Lair:5   | Found a staircase to the Slime Pits.
 20788 | Lair:5   | Paralysed by a hornet for 1 turns
 21680 | Orc:2    | Noticed an orc warlord
 21701 | Orc:2    | Killed an orc warlord
 21702 | Orc:2    | Reached skill level 14 in Fighting
 21732 | Orc:2    | Paralysed by an orc sorcerer for 4 turns
 21756 | Orc:2    | Found Taoffaadee's Antique Armour Boutique.
 21803 | Orc:2    | Found Fangunwo's Antique Weapon Shop.
 21812 | Orc:2    | Bought a transparent leather armour for 154 gold pieces
 21812 | Orc:2    | Identified the +2 leather armour of Parlour Games {Will+}
                  | (You bought it in a shop on level 2 of the Orcish Mines)
 22264 | D:11     | Found a broken altar of Ashenzari.
 22911 | D:12     | Identified the +0 ring mail of the Swamp {Regen+ rCorr}
 23026 | D:12     | Gained mutation: You have a pair of horns on your head.
                  | [demonic ancestry]
 23026 | D:12     | Reached XP level 15. HP: 127/127 MP: 29/29
 23137 | D:12     | Noticed Rupert
 23153 | D:12     | Killed Rupert
 24468 | D:13     | Identified the +7 trident of the Postmodern Mystics {heavy,
                  | rF+}
 24660 | D:13     | Reached skill level 15 in Fighting
 24660 | D:13     | Reached skill level 10 in Maces & Flails
 24716 | D:13     | Found a gate to the Vaults.
 24834 | D:13     | Found a portal to a secret trove of treasure.
 25312 | D:14     | Found a frozen archway.
 25354 | IceCv    | Entered an ice cave
 25865 | IceCv    | Identified the ring "Issubig" {rN+++ rCorr Str+6 Int-3}
 26015 | D:14     | Identified a scroll of acquirement
 26025 | D:14     | Acquired the +2 hat "Gogat" {Str+5 Int+2 Dex+2 SInv}
 26591 | D:15     | Entered Level 15 of the Dungeon
 26790 | D:15     | Gained mutation: A demonic guardian rushes to your aid.
                  | [demonic ancestry]
 26790 | D:15     | Reached XP level 16. HP: 113/136 MP: 30/30
 27191 | D:15     | Found a stormy altar of Qazlal.
 27325 | D:15     | Found a staircase to the Depths.
 27340 | Depths:1 | Entered Level 1 of the Depths
 27523 | Elf:1    | Entered Level 1 of the Elven Halls
 28037 | Elf:1    | Got the Compendium of the Congregation
 28231 | Elf:1    | Noticed Jorgrun
 28240 | Elf:1    | Killed Jorgrun
 28673 | Elf:1    | Reached skill level 15 in Maces & Flails
 28774 | Elf:3    | Entered Level 3 of the Elven Halls
 29341 | Elf:3    | Found Aaohi's Alliterative Accessories.
 29353 | Elf:3    | Bought a scroll of acquirement for 884 gold pieces
 29353 | Elf:3    | Acquired 918 gold pieces
 29551 | Elf:3    | Noticed a Hell Sentinel
 29844 | Elf:2    | Paralysed by an air elemental for 1 turns
 29960 | Elf:2    | Gained mutation: A powerful demonic guardian rushes to your
                  | aid. [demonic ancestry]
 29960 | Elf:2    | Reached XP level 17. HP: 143/143 MP: 31/31
 29970 | Elf:2    | Found Piamu Busse's Antique Armour Boutique.
 30034 | Elf:2    | Bought faintly humming storm dragon scales for 2975 gold
                  | pieces
 30034 | Elf:2    | Identified the +1 storm dragon scales "Muintoto" {rElec
                  | Dex+4} (You bought it in a shop on level 2 of the Elven
                  | Halls)
 30055 | Elf:2    | Reached skill level 16 in Fighting
 30115 | Elf:2    | Found a runed translucent gate.
 30116 | Elf:2    | Found a runed translucent gate.
 30116 | Elf:2    | Found a runed translucent gate.
 30890 | Swamp:1  | Entered Level 1 of the Swamp
 31201 | Swamp:1  | Reached skill level 10 in Armour
 31967 | Swamp:2  | Paralysed by a hornet for 2 turns
 32421 | Swamp:2  | Found Xygohex's Island Escapes.
 32911 | Swamp:2  | Bought a scroll of teleportation for 39 gold pieces
 32911 | Swamp:2  | Bought a scroll of fog for 52 gold pieces
 32911 | Swamp:2  | Bought a scroll of fog for 52 gold pieces
 32911 | Swamp:2  | Bought a scroll of teleportation for 39 gold pieces
 32911 | Swamp:2  | Bought a potion of invisibility for 104 gold pieces
 32911 | Swamp:2  | Bought a potion of flight for 39 gold pieces
 32911 | Swamp:2  | Bought a potion of flight for 39 gold pieces
 32936 | Swamp:3  | Reached skill level 17 in Fighting
 33210 | Swamp:3  | Found a runed translucent gate.
 33210 | Swamp:3  | Found a runed translucent gate.
 33214 | Swamp:3  | Found a runed translucent gate.
 33235 | Swamp:3  | Noticed Sensen's ghost (adept GrEE)
 33928 | Swamp:4  | Entered Level 4 of the Swamp
 34363 | Swamp:4  | Gained mutation: You have a pair of large horns on your
                  | head. [demonic ancestry]
 34363 | Swamp:4  | Reached XP level 18. HP: 118/155 MP: 34/34
 34404 | Swamp:4  | Acquired Paps's Enchiridion on Ensorcelling and Ouranomancy
 34633 | Swamp:4  | Got a decaying rune of Zot
 34901 | Snake:1  | Entered Level 1 of the Snake Pit
 34994 | Snake:1  | Noticed Aizul
 35010 | Snake:1  | Killed Aizul
 35227 | Snake:1  | Slain by a naga warrior

Illustrated notes

Levels and vault maps discovered:
D:1:      saegor_arrival_simple_e, layout_rooms, corner_web_ring
D:2:      layout_basic, shapermc_ecumenical_altar_mp_vishouse,
          uniq_crazy_yiuf_cottage, uniq_sigmund, uniq_jessica
D:3:      layout_loops_ring, mainiacjoe_overflow_alcove_1, uniq_ijyb
D:4:      layout_layer_cave, trog_ov_bears_minmay, yredelemnul_altar_generic,
          minmay_ruptured
D:5:      layout_basic, gup_sewer_entry_bubbles, serial_shops, shop,
          uniq_eustachio, uniq_blork_the_orc
D:6:      layout_rooms, amcnicky_altar_gilded, nzn_wu_jian_contemplation,
          mainiacjoe_overflow_boulevard, chequers_garden
D:7:      layout_cave_pools, kiku_gazebo_garden_becter,
          minmay_temple_entry_fiery
D:8:      layout_cave_pools, grunt_dithmenos_smoke, dk_noncrumbling_2
D:9:      layout_gridville, old_standard_altar, due_lair_maze_entry_diamond,
          enter_bailey_5, serial_shops, shop, uniq_maurice
D:10:     layout_roguey [special_room_orc], nemelex_altar_shiori,
          overflow_temple_1_default, erik_orc_2, kennysheep_small_spiral
D:11:     layout_irregular_city, ashenzari_conservatory_becter, uniq_urug
D:12:     nicolae_aperiodic_l_corner, layout_basic, uniq_rupert
D:13:     layout_stronghold, grunt_vaults_entry_fortified,
          nicolae_trove_entry_free_sample
D:14:     layout_roguey, serial_bayou_lagoon_a,
          portal_ice_cave_entry_ice_statue_two, wad_dig_loot
D:15:     gammafunk_enter_depths_forms, layout_cave_pools,
          nicolae_qazlal_scattered_showers, special_room [special_room_bee]
Lair:1:   layout_chaotic_city, enter_volcano_3, grunt_megastairs_1
Lair:2:   layout_cave_pods, nicolae_snake_entry_warm_welcome, patterned_corridor
Lair:3:   layout_small_grid, swamp_mist_pool, beast_lair_carwin_5
Lair:4:   layout_cellular_growth, disabler_island
Lair:5:   hangedman_lair_tendril_chambers, layout_gridlike, slime_entry_1,
          chequers_serial_rivers_room_a, st_stairs_11, infiniplex_staircase_pool
Swamp:1:  layout_basic_swamp, nicolae_swamp_orc_logging_accident, swamp_pool1,
          hangedman_swamp_lotus, lightli_tree_ring
Swamp:2:  nicolae_swamp_secret_spriggan_hideout, layout_falls_marsh,
          evilmike_swamp_ruin_house_1, nicolae_island_escapes
Swamp:3:  layout_basic_swamp, ebering_ghost_rock_garden,
          evilmike_swamp_ruin_house_3, swamp_pool5,
          nicolae_swamp_nymph_family_reunion, infiniplex_staircase_pool_2
Swamp:4:  swamp_icy, layout_basic_swamp, swamp_pool3
Snake:1:  layout_layer_cave, uniq_roxanne, uniq_aizul
Orc:1:    layout_diamond_mine
Orc:2:    grunt_orc_community_town_hall, layout_caves,
          grunt_orc_community_big_house_1, grunt_orc_community_big_house_1,
          grunt_orc_community_house_1, grunt_orc_community_house_3,
          grunt_orc_community_house_2, grunt_orc_community_house_1, basic_altar,
          david_defended_altar_orc
Elf:1:    nicolae_elf_arrival_no_cutting_in_line, layout_geoelf_octagon,
          minmay_elf_demonology, nicolae_elf_deep_friendship, uniq_jorgrun
Elf:2:    nicolae_elf_blades_crystal_corner, layout_rooms, serial_shops, shop
Elf:3:    nooodl_elf_gasket, layout_loops_corners, nicolae_alphabet_shops
Depths:1: layout_cave_shapes, enter_ziggurat_e, serial_shops, shop,
          grunt_mini_vestibule, pan_entry, kennysheep_potato,
          serial_bayou_shore_a, infiniplex_staircase_pool_lava,
          serial_bayou_shore_b

Skill      XL: |  1  2  3  4  5  6  7  8  9 10 11 12 13 14 15 16 17 |
---------------+----------------------------------------------------+-----
Maces & Flails | 2 3 6 9 12 16 | 16.1
Translocations | 3 4 5 6 7 8 9 10 | 10.6
Fighting       | 3 4 5 6 7 8 10 11 13 14 15 17 | 17.6
Spellcasting   | 3 4 5 6 8 9 10 12 | 12.2
Long Blades    | 1 2 3 4 6 7 8 9 |  9.8
Armour         | 1 6 8 9 11 | 11.6
Throwing       | |  0.8
Dodging        | |  1.7

Action                     |  1- 3 |  4- 6 |  7- 9 | 10-12 | 13-15 | 16-18 || total
---------------------------+-------+-------+-------+-------+-------+-------++-------
  Melee: Mace              |    93 |    47 |       |    44 |       |       ||   184
         Punch             |     1 |     1 |     6 |    10 |    30 |    18 ||    66
         Scimitar          |       |    87 |   505 |   961 |   345 |       ||  1898
         Headbutt          |       |       |       |   156 |   504 |   217 ||   877
         Demon whip        |       |       |       |    24 |   392 |       ||   416
         Eveningstar       |       |       |       |       |  1084 |  1123 ||  2207
  Throw: Boomerang         |     4 |     3 |       |     1 |       |       ||     8
         Dart              |       |       |       |    17 |     7 |     3 ||    27
         Throwing net      |       |       |       |     3 |       |       ||     3
   Cast: Manifold Assault  |       |       |     1 |    34 |    10 |    52 ||    97
 Invoke: Potion Petition   |       |       |       |     2 |     4 |     2 ||     8
         Call Merchant     |       |       |       |     1 |       |       ||     1
  Evoke: Wand              |       |     4 |    21 |    21 |     9 |     5 ||    60
         Condenser vane    |       |       |       |       |     2 |     1 ||     3
         Phantom mirror    |       |       |       |       |     1 |     1 ||     2
    Use: Scroll            |     3 |     4 |    10 |    12 |    12 |     9 ||    50
         Potion            |     4 |     6 |     7 |    16 |     9 |    11 ||    53
   Stab: Sleeping          |     3 |     5 |     2 |     4 |       |       ||    14
         Distracted        |       |       |     5 |    13 |     6 |     8 ||    32
         Invisible         |       |       |     8 |    14 |    11 |       ||    33
         Held in net/web   |       |       |       |     2 |       |       ||     2
         Confused          |       |       |       |       |       |     1 ||     1
 Armour: Leather armour    |    36 |    91 |   208 |   220 |       |       ||   555
         Skin              |       |       |       |     5 |       |       ||     5
         Plate armour      |       |       |       |    30 |  1698 |   645 ||  2373
  Dodge: Dodged            |    61 |   137 |   500 |   819 |  1264 |   581 ||  3362
